 Dungeon Crawl Stone Soup version 0.30-a0-778-g2ef04afb54 (webtiles) character file.

Game seed: 7732697707120940831

108955 sanka the Brawler (level 16, -7/158 HPs)
             Began as a Troll Monk on Feb 15, 2023.
             Was a High Priest of Okawaru.
             Mangled by a spriggan berserker
             ... wielding a +0 quarterstaff
              (10 damage)
             ... on level 2 of the Depths.
             The game lasted 00:48:13 (18443 turns).

sanka the Brawler (Troll Monk)                     Turns: 18443, Time: 00:48:13

Health: -7/158     AC: 25    Str: 25    XL:     16   Next: 3%
Magic:  22/22      EV: 13    Int:  6    God:    Okawaru [*****.]
Gold:   2765       SH: 19    Dex: 21    Spells: 15/15 levels left

rFire   + + .      SeeInvis +      - Unarmed
rCold   + . .      Faith    .    X - +1 kite shield of Ossan {rC+}
rNeg    + . .      Spirit   .    m - +1 pearl dragon scales of Gallantry {rElec rF+ rN+}
rPois   .          Reflect  +    S - +1 hat
rElec   +          Harm     .    h - +2 cloak "Tunuzian" {rF+ Dex+5}
rCorr   .          Rampage  .    (gloves unavailable)
Will    +....                    (boots unavailable) Stlth
                                 R - amulet of reflection
HPRegen 1.26/turn                D - ring of see invisible
MPRegen 0.18/turn                a - +4 ring of protection

@: no status effects
A: large, unfitting armour, claws 3, regeneration 1, shaggy fur 1, tough skin 1
a: Renounce Religion, Heroism, Finesse, Duel


You were on level 2 of the Depths.
You worshipped Okawaru.
Okawaru was extremely pleased with you.
You visited 3 branches of the dungeon, and saw 18 of its levels.
You visited the Abyss 1 time.
You also visited: Ossuary and Gauntlet.

You collected 2821 gold pieces.
You spent 56 gold pieces at shops.


Innate Abilities, Weirdness & Mutations

You are too large for most types of armour.
You have claws for hands.
Your natural rate of healing is unusually fast.
You are covered in fur. (AC +1)
You have tough skin. (AC +1)


   Skills:
 - Level 10.0 Fighting
 - Level 10.0 Armour
 - Level 10.0 Dodging
 - Level 1.0 Stealth
 - Level 10.0 Shields
 + Level 16.3 Unarmed Combat
 - Level 10.0 Invocations


You had 15 spell levels left.
You didn't know any spells.
Your spell library contained the following spells:

 Spells                   Type           Power      Damage    Failure   Level
 Slow                     Hex            0%         N/A       91%         1
 Cigotuvi's Dreadful Rot  Necr/Pois/Air  0%         N/A       97%         2
 Static Discharge         Conj/Air       0%         2-2/arc   97%         2
 Sublimation of Blood     Necr           0%         N/A       97%         2
 Confusing Touch          Hex            0%         N/A       100%        3
 Dazzling Flash           Conj/Hex       0%         N/A       100%        3
 Mephitic Cloud           Conj/Pois/Air  0%         N/A       100%        3
 Vampiric Draining        Necr           0%         2d6       100%        3
 Petrify                  Tmut/Erth      0%         N/A       100%        4
 Agony                    Necr           0%         N/A       100%        5
 Irradiate                Conj/Tmut      0%         3d11      100%        5
 Silence                  Hex/Air        0%         N/A       100%        5
 Chain Lightning          Conj/Air       0%         N/A       100%        9

Inventory:

Hand Weapons
 b - a +5 scimitar of flaming
 T - a +1 dire flail of distortion
Missiles
 i - 8 curare-tipped darts {=f}
 z - 5 javelins
 E - 40 large rocks (quivered) {=f}
 O - 2 throwing nets {=f}
 U - 9 silver javelins
Armour
 h - the +2 cloak "Tunuzian" (worn) {rF+ Dex+5}

   Dex:       It affects your dexterity (+5).
   rF:        It protects you from fire.
 m - the +1 pearl dragon scales of Gallantry (worn) {rElec rF+ rN+} rF: It protects you from fire. rElec: It insulates you from electricity. rN: It protects you from negative energy.
 S - a +1 hat (worn)
 X - the +1 kite shield of Ossan (worn) {rC+} rC: It protects you from cold.
Magical Staves
 B - a staff of air
Jewellery
 a - a +4 ring of protection (right claw)
 f - a ring of resist corrosion
 r - a ring of positive energy
 s - a ring of protection from cold
 w - a +6 ring of strength
 y - the ring "Korecut" {Fly rN++ Stlth+}

   [ring of flight]

   rN:        It greatly protects you from negative energy.
   Fly:       It grants you flight.
   Stlth:     It makes you more stealthy.
 D - a ring of see invisible (left claw)
 Q - a ring of poison resistance
 R - an amulet of reflection (around neck)
Wands
 M - a wand of roots (9)
 N - a wand of flame (27)
 P - a wand of paralysis (12)
 V - a wand of mindburst (11)
Scrolls
 e - 5 scrolls of poison {!r}
 j - a scroll of silence {!r}
 n - 16 scrolls of teleportation {@r4}
 o - 2 scrolls of fear
 p - a scroll of blinking
 q - 5 scrolls of immolation {!r}
 x - 3 scrolls of magic mapping
 F - 2 scrolls of fog
 H - a scroll of amnesia
 J - 6 scrolls of noise {!r}
Potions
 c - 3 potions of mutation {!q}
 d - a potion of berserk rage {unknown}
 g - 3 potions of magic {unknown}
 k - 8 potions of curing {@q1}
 l - 3 potions of resistance {unknown}
 t - 4 potions of brilliance {unknown}
 u - 3 potions of attraction {unknown}
 v - 5 potions of heal wounds {@q2}
 A - a potion of might {unknown}
 C - 2 potions of flight {unknown}
 G - a potion of cancellation {unknown}
 I - 6 potions of degeneration {unknown}
 K - 5 potions of haste {unknown}
 L - 3 potions of ambrosia
Miscellaneous
 W - a tin of tremorstones (1/2)

Dungeon Overview and Level Annotations

Branches:
Dungeon (15/15)            Temple (1/1) D:4            Lair (0/5) D:10
    Orc (0/2) D:10         Vaults (0/5) D:13         Depths (2/4) D:15
Ossuary (visited)         Gauntlet (visited)

Altars:
Ashenzari
Cheibriados
Dithmenos
Elyvilon
Fedhas
Gozag
Hepliaklqana
Kikubaaqudgha
Makhleb
Nemelex Xobeh
Okawaru
Qazlal
Ru
Sif Muna
Trog
Uskayaw
Vehumet
Wu Jian
Xom
Yredelemnul
Zin
The Shining One

Shops:
D:7 *

Portals:
Hell: Depths:1
Pandemonium: Depths:2
Ziggurat: Depths:1

Annotations:
D:10 exclusion: 2 downstairs

▒.▒....▒▒ ▒.▒ ▒.▒.....▒ ▒.▒▒
▒.▒....▒▒ ▒..▒▒▒ ▒.▒....▒
▒....▒▒▒ ▒......▒▒ ▒.......
▒.▒)....▒ ▒....... ▒▒..▒....▒
▒▒▒▒▒▒▒▒ ▒..▒▒...▒▒ ...▒
▒.▒▒▒YT.▒ ▒... ▒.▒▒.i..▒ 8.V.
▒.▒.....▒▒ ▒.. ▒........▒▒▒▒▒▒▒
▒▒▒..▒▒▒▒..............▒▒▒▒▒▒▒▒
▒8....8▒▒......................
▒▒....!.▒▒...............▒▒▒.▒▒▒
.......W.†.[/.............▒...▒.
▒▒▒▒▒▒▒▒▒▒......................


You could see a death yak (summoned, berserk) and a spriggan berserker
(berserk).


Message History

Unknown command.
You closely miss the spriggan berserker.
The spriggan berserker is severely wounded.
The death yak gores you!!
You block the spriggan berserker's attack.
You block the death yak's attack.
Unknown command.
You miss the spriggan berserker.
The spriggan berserker is severely wounded.
The spriggan berserker hits you with a +0 quarterstaff!!
* * * LOW HITPOINT WARNING * * *
The death yak misses you.
You miss the spriggan berserker.
The spriggan berserker is severely wounded.
You block the spriggan berserker's attack.
The death yak gores you!!
* * * LOW HITPOINT WARNING * * *
You claw the spriggan berserker!
The spriggan berserker is almost dead.
The spriggan berserker hits you with a +0 quarterstaff!!
* * * LOW HITPOINT WARNING * * *
The death yak gores you!
* * * LOW HITPOINT WARNING * * *
You block the spriggan berserker's attack.
You barely miss the spriggan berserker.
The spriggan berserker is almost dead.
The death yak gores you!
* * * LOW HITPOINT WARNING * * *
The spriggan berserker hits you with a +0 quarterstaff!
You die...

Action                     |  1- 3 |  4- 6 |  7- 9 | 10-12 | 13-15 | 16-18 || total
---------------------------+-------+-------+-------+-------+-------+-------++-------
  Melee: Unarmed           |    98 |    95 |   260 |   471 |   854 |    15 ||  1793
         Punch             |     5 |     5 |    14 |    45 |    49 |       ||   118
         Scimitar          |       |       |       |    12 |       |       ||    12
  Throw: Large rock        |       |       |       |     3 |     5 |       ||     8
         Javelin           |       |       |       |     2 |       |       ||     2
 Invoke: Heroism           |       |     1 |     2 |     5 |    34 |       ||    42
         Finesse           |       |       |       |       |     3 |       ||     3
  Evoke: Wand              |       |       |       |     4 |       |       ||     4
         Tin of tremorston |       |       |       |       |     2 |       ||     2
    Use: Scroll            |       |       |     6 |     7 |    13 |       ||    26
         Potion            |       |       |       |       |     4 |       ||     4
   Stab: Sleeping          |     7 |     3 |     1 |       |       |       ||    11
         Distracted        |     1 |       |       |       |       |       ||     1
 Armour: Robe              |    30 |    21 |    26 |       |       |       ||    77
         Swamp dragon scal |       |       |    36 |    17 |       |       ||    53
         Pearl dragon scal |       |       |       |   206 |   458 |     2 ||   666
  Dodge: Dodged            |    47 |    63 |   159 |   291 |   494 |     3 ||  1057
  Block: Kite shield       |       |       |       |       |   363 |    11 ||   374
         Reflection        |       |       |       |       |     4 |       ||     4

Levels and vault maps discovered:
D:1:      nagdon_arrival_zigzag_paths, layout_basic,
          nicolae_ecumenical_lake_church, reono_crystal_passage,
          minmay_misc_feat_hallway
D:2:      minmay_wonky_spiral, layout_loops_cross, minmay_goblin_kobold_house
D:3:      layout_basic, serial_curves, eino_curves_04, eino_curves_03,
          eino_curves_03, eino_curves_03, minmay_diced_spiral
D:4:      layout_cave_pools, mainiacjoe_overflow_chevrons, temple_doors_e,
          hangedman_decor_lopped, uniq_eustachio, uniq_duvessa, uniq_edmund
D:5:      layout_rooms, chequers_ossuary_entry_cave, kennysheep_generic_room_9
D:6:      layout_cave_pools, chequers_jeans
D:7:      layout_loops_ring, gammafunk_ghost_split, serial_shops,
          nicolae_shop_overgrown_old_shop, dreamdust_mushroom_princess,
          dk_noncrumbling_2, uniq_maggie
D:8:      layout_basic, mainiacjoe_overflow_catwalk_spiral, serial_undead,
          serial_undead_b, serial_undead_b, serial_undead_a, serial_undead_f
D:9:      layout_cave_pools, lemuel_round_altar, serial_co_window_serial,
          co_window_paths_b, co_window_corner_a, co_window_corner_a,
          co_window_paths_a, co_window_of_opportunity_a, co_window_paths_c,
          co_window_of_opportunity_b, co_window_cross_3, co_window_paths_e,
          glass_columns_c, glass_columns_a, glass_columns_a, glass_columns_b,
          glass_columns_a
D:10:     layout_roguey, grunt_lair_entry_orc_guard_hut, orc_0_dummy
D:11:     layout_basic, special_room [special_room_kobold],
          minmay_misc_feat_more_columns, kennysheep_big_empty_room, uniq_lodul
D:12:     layout_basic
D:13:     layout_long_grid, grunt_vaults_entry_fortified, drop_trap,
          minmay_misc_feat_tiny
D:14:     layout_long_grid, nicolae_figureground_sparkle,
          gauntlet_entry_generic, trog_butcher_becter, uniq_nessos
D:15:     grunt_enter_depths_magical_seal, layout_loops_corners,
          nicolae_hepliaklqana_hazy_memory, nicolae_diode_quadrants
Temple:   eino_narrow_crystal_temple
Depths:1: layout_cave_pools, enter_ziggurat_d,
          amcnicky_mini_rare_corridor_liquid, hell_entry,
          kennysheep_generic_room_7, grunt_megastairs_4
Depths:2: minmay_blocking_statues, layout_twisted_cross, elyvilon_altar_4,
          mu_enter_wizlab_2, pan_entry, grunt_hell_entry_dis_mu,
          infiniplex_staircase_zigzag_3

Notes
Turn   | Place    | Note
-------+----------+-------------------------------------------
     0 | D:1      | sanka the Troll Monk began the quest for the Orb.
     0 | D:1      | Reached XP level 1. HP: 22/22 MP: 0/0
   278 | D:1      | Reached XP level 2. HP: 29/29 MP: 1/1
   407 | D:1      | Reached skill level 3 in Fighting
   824 | D:1      | Found a faded altar of an unknown god.
  1297 | D:2      | Reached XP level 3. HP: 37/37 MP: 2/2
  1312 | D:2      | Identified the +2 cloak "Tunuzian" {rF+ Dex+5}
  1428 | D:2      | Reached skill level 4 in Unarmed Combat
  1974 | D:2      | Reached XP level 4. HP: 45/45 MP: 3/3
  2666 | D:3      | Reached skill level 5 in Unarmed Combat
  3071 | D:4      | Noticed Eustachio
  3098 | D:4      | Killed Eustachio
  3099 | D:4      | Reached skill level 6 in Unarmed Combat
  3099 | D:4      | Reached XP level 5. HP: 36/53 MP: 4/4
  3099 | D:4      | Reached XP level 6. HP: 42/61 MP: 5/5
  3157 | D:4      | Found a white marble altar of Elyvilon.
  3231 | D:4      | Found a staircase to the Ecumenical Temple.
  3236 | Temple   | Entered the Ecumenical Temple
  3441 | Temple   | Became a worshipper of Warmaster Okawaru
  3441 | Temple   | Reached * piety under Okawaru
  3441 | Temple   | Reached ** piety under Okawaru
  3482 | D:4      | Reached skill level 7 in Unarmed Combat
  3482 | D:4      | Reached skill level 1 in Invocations
  3537 | D:4      | Noticed Edmund
  3774 | D:4      | Noticed Duvessa
  3775 | D:4      | Noticed Dowan
  3800 | D:4      | Killed Duvessa
  3801 | D:4      | Reached XP level 7. HP: 58/67 MP: 3/7
  3801 | D:4      | Killed Dowan
  4131 | D:5      | Entered Level 5 of the Dungeon
  4150 | D:5      | Reached skill level 2 in Invocations
  4190 | D:5      | Reached skill level 8 in Unarmed Combat
  4339 | D:5      | Found a sand-covered staircase.
  4347 | Ossuary  | Entered an ossuary
  4560 | D:5      | Reached *** piety under Okawaru
  4567 | D:5      | Reached skill level 3 in Invocations
  4567 | D:5      | Reached XP level 8. HP: 66/75 MP: 9/9
  4761 | D:6      | Reached skill level 9 in Unarmed Combat
  5213 | D:7      | Found Gail's Assorted Antiques.
  5221 | D:7      | Reached skill level 4 in Invocations
  5388 | D:7      | Reached skill level 10 in Unarmed Combat
  5391 | D:7      | Reached skill level 5 in Invocations
  5526 | D:7      | Reached **** piety under Okawaru
  5527 | D:7      | Reached skill level 3 in Dodging
  5531 | D:7      | Reached XP level 9. HP: 83/83 MP: 11/11
  5543 | D:7      | Found a runed translucent gate.
  5543 | D:7      | Found a runed translucent gate.
  5543 | D:7      | Noticed a two-headed ogre
  5543 | D:7      | Noticed zurenarrh's ghost (novice BaHu)
  5734 | D:7      | Reached skill level 4 in Fighting
  5736 | D:7      | Identified +0 swamp dragon scales
  5736 | D:7      | Noticed Maggie
  5748 | D:7      | Killed Maggie
  5749 | D:7      | Reached skill level 4 in Dodging
  5818 | D:7      | Found a runed translucent gate.
  6148 | D:8      | Found a shimmering altar of Xom.
  6164 | D:8      | Reached skill level 1 in Armour
  6168 | D:8      | Identified +0 steam dragon scales
  6169 | D:8      | Reached skill level 5 in Fighting
  6242 | D:8      | Reached skill level 2 in Armour
  6242 | D:8      | Reached skill level 5 in Dodging
  6259 | D:8      | Reached skill level 3 in Armour
  6259 | D:8      | Reached ***** piety under Okawaru
  6265 | D:8      | Reached skill level 4 in Armour
  6421 | D:8      | Reached XP level 10. HP: 87/96 MP: 12/12
  6481 | D:8      | Found an ornate altar of the Wu Jian Council.
  6510 | D:8      | Reached skill level 5 in Armour
  7244 | D:9      | Identified the +1 pearl dragon scales of Gallantry {rElec
                  | rF+ rN+} (Okawaru gifted it to you on level 9 of the
                  | Dungeon)
  7244 | D:9      | Received a gift from Okawaru
  7245 | D:9      | Reached skill level 11 in Unarmed Combat
  7463 | D:9      | Identified +0 acid dragon scales
  7473 | D:9      | Reached skill level 12 in Unarmed Combat
  7526 | D:9      | Found a snail-covered altar of Cheibriados.
  7834 | D:10     | Entered Level 10 of the Dungeon
  7933 | D:10     | Found a staircase to the Orcish Mines.
  7977 | D:10     | Noticed a gargoyle
  7984 | D:10     | Killed a gargoyle
  8000 | D:10     | Reached skill level 13 in Unarmed Combat
  8031 | D:10     | Reached XP level 11. HP: 96/102 MP: 13/13
  8205 | D:10     | Found a staircase to the Lair.
  8360 | D:11     | Noticed a brown ugly thing
  8366 | D:11     | Killed a brown ugly thing
  8507 | D:11     | Reached skill level 14 in Unarmed Combat
  8582 | D:11     | Noticed Lodul
  8625 | D:11     | Killed Lodul
  8748 | D:11     | Received a gift from Okawaru
  9066 | D:11     | Noticed a two-headed ogre
  9078 | D:11     | Killed a two-headed ogre
  9079 | D:11     | Reached skill level 15 in Unarmed Combat
  9484 | D:7      | Killed zurenarrh's ghost
  9489 | D:7      | Killed a two-headed ogre
  9600 | D:4      | Found a white marble altar of Elyvilon.
  9671 | D:4      | Killed Edmund
  9735 | D:4      | Found a staircase to the Ecumenical Temple.
 10145 | D:7      | Bought a scroll of identify for 56 gold pieces
 10310 | D:12     | Reached XP level 12. HP: 113/113 MP: 15/15
 10372 | D:12     | Reached skill level 6 in Invocations
 10474 | D:12     | Identified the +1 cloak "Xaeh" {rC- Regen+ Dex+4 SInv}
                  | (Okawaru gifted it to you on level 12 of the Dungeon)
 10474 | D:12     | Received a gift from Okawaru
 10743 | D:12     | Reached skill level 6 in Fighting
 10743 | D:12     | Reached skill level 6 in Armour
 10743 | D:12     | Reached skill level 6 in Dodging
 11048 | D:13     | Noticed a centaur warrior
 11073 | D:13     | Killed a centaur warrior
 11125 | D:14     | Noticed an eight-headed hydra
 11324 | D:13     | Noticed a centaur warrior
 11333 | D:13     | Killed a centaur warrior
 11391 | D:13     | Noticed a two-headed ogre
 11398 | D:13     | Killed a two-headed ogre
 11399 | D:13     | Noticed a vault guard
 11434 | D:14     | Noticed a centaur warrior
 11447 | D:14     | Killed a centaur warrior
 11453 | D:14     | Reached skill level 7 in Invocations
 11475 | D:14     | Reached ****** piety under Okawaru
 11494 | D:14     | Found a gate leading to a gauntlet.
 11506 | Gauntlet | Entered a Gauntlet
 11506 | Gauntlet | Found a transporter.
 11515 | Gauntlet | Found a transporter.
 11530 | Gauntlet | Found a transporter.
 11535 | Gauntlet | Found a transporter.
 11542 | Gauntlet | Noticed a quicksilver ooze
 11548 | Gauntlet | a quicksilver ooze changed into a satyr
 11548 | Gauntlet | Noticed a satyr (glowing shapeshifter)
 11550 | Gauntlet | Found a transporter.
 11553 | Gauntlet | a satyr changed into a fire dragon
 11553 | Gauntlet | Noticed a fire dragon (glowing shapeshifter)
 11554 | Gauntlet | a fire dragon changed into a quicksilver ooze
 11554 | Gauntlet | Noticed a quicksilver ooze (glowing shapeshifter)
 11557 | Gauntlet | a quicksilver ooze changed into a tyrant leech
 11562 | Gauntlet | Noticed an ice dragon
 11565 | Gauntlet | an ice dragon changed into a fire dragon
 11565 | Gauntlet | Noticed a fire dragon (glowing shapeshifter)
 11567 | Gauntlet | a fire dragon changed into a six-headed hydra
 11567 | Gauntlet | Noticed a six-headed hydra (glowing shapeshifter)
 11567 | Gauntlet | Noticed a dire elephant
 11569 | Gauntlet | Found a transporter.
 11581 | Gauntlet | Found a transporter.
 11593 | Gauntlet | Found a transporter.
 11593 | Gauntlet | Noticed a five-headed hydra
 11599 | Gauntlet | Found a transporter.
 11599 | Gauntlet | Found a transporter.
 11614 | Gauntlet | Noticed a five-headed hydra
 11618 | Gauntlet | Found a transporter.
 11626 | Gauntlet | Found a transporter.
 11626 | Gauntlet | Found a transporter.
 11643 | Gauntlet | Found a transporter.
 11644 | Gauntlet | Noticed a blizzard demon
 11660 | Gauntlet | Found a transporter.
 11679 | Gauntlet | Found a transporter.
 11681 | Gauntlet | Found a runed translucent gate.
 11681 | Gauntlet | Found a runed translucent gate.
 11681 | Gauntlet | Found a runed translucent gate.
 11684 | Gauntlet | Found a large runed translucent door.
 11684 | Gauntlet | Found a large runed translucent door.
 11684 | Gauntlet | Found a large runed translucent door.
 11684 | Gauntlet | Found a large runed translucent door.
 11687 | Gauntlet | Found a large runed translucent door.
 11687 | Gauntlet | Found a large runed translucent door.
 11689 | Gauntlet | Found a large runed translucent door.
 11689 | Gauntlet | Found a large runed translucent door.
 11691 | Gauntlet | Found a large runed translucent door.
 11691 | Gauntlet | Found a large runed translucent door.
 11691 | Gauntlet | Found a runed translucent door.
 11691 | Gauntlet | Found a runed translucent door.
 11692 | Gauntlet | Found a large runed translucent door.
 11693 | Gauntlet | Found a large runed translucent door.
 11702 | Gauntlet | Found a large runed translucent door.
 11702 | Gauntlet | Found a large runed translucent door.
 11703 | Gauntlet | Found a large runed translucent door.
 11704 | Gauntlet | Found a large runed translucent door.
 11704 | Gauntlet | Found a transporter.
 11726 | Gauntlet | Found a transporter.
 11757 | Gauntlet | Noticed a storm dragon
 11764 | Gauntlet | a storm dragon changed into something unseen
 11775 | Gauntlet | Noticed a death yak
 11776 | Gauntlet | a death yak changed into a storm dragon
 11776 | Gauntlet | Noticed a storm dragon (glowing shapeshifter)
 11777 | Gauntlet | a storm dragon changed into a minotaur
 11777 | Gauntlet | Noticed a minotaur (glowing shapeshifter)
 11782 | Gauntlet | a minotaur changed into a radroach
 11782 | Gauntlet | Noticed a radroach (glowing shapeshifter)
 11784 | Gauntlet | a radroach changed into a snapping turtle
 11822 | Gauntlet | a goliath frog changed into a radroach
 11822 | Gauntlet | Noticed a radroach (glowing shapeshifter)
 11827 | Gauntlet | a radroach changed into a satyr
 11827 | Gauntlet | Noticed a satyr (glowing shapeshifter)
 11829 | Gauntlet | a satyr changed into an alligator
 11829 | Gauntlet | Noticed an alligator (glowing shapeshifter)
 11832 | Gauntlet | an alligator changed into an anaconda
 11832 | Gauntlet | Noticed an anaconda (glowing shapeshifter)
 11834 | Gauntlet | an anaconda changed into a boulder beetle
 11834 | Gauntlet | Noticed a boulder beetle (glowing shapeshifter)
 11835 | Gauntlet | a boulder beetle changed into a spark wasp
 11835 | Gauntlet | Noticed a spark wasp (glowing shapeshifter)
 11839 | Gauntlet | a spark wasp changed into a quicksilver ooze
 11839 | Gauntlet | Noticed a quicksilver ooze (glowing shapeshifter)
 11845 | Gauntlet | a quicksilver ooze changed into a jorogumo
 11845 | Gauntlet | Noticed a jorogumo (glowing shapeshifter)
 11849 | Gauntlet | Noticed an anaconda
 11849 | Gauntlet | an anaconda changed into a steelbarb worm
 11897 | Gauntlet | Paralysed by a hornet for 2 turns
 12014 | Gauntlet | Killed a one-headed hydra
 12015 | Gauntlet | Reached skill level 7 in Fighting
 12015 | Gauntlet | Reached skill level 7 in Armour
 12015 | Gauntlet | Reached skill level 7 in Dodging
 12021 | Gauntlet | Identified the ring "Korecut" {Fly rN++ Stlth+}
 12051 | Gauntlet | Noticed a minotaur
 12065 | Gauntlet | Killed a minotaur
 12263 | D:14     | Noticed a six-headed hydra
 12271 | D:14     | Killed a four-headed hydra
 12327 | D:14     | Noticed a boulder beetle
 12331 | D:14     | Killed a six-headed hydra
 12336 | D:14     | Killed a boulder beetle
 12337 | D:14     | Reached XP level 13. HP: 80/124 MP: 17/17
 12580 | D:14     | Found a bloodstained altar of Trog.
 12587 | D:14     | Noticed Nessos
 12599 | D:14     | Killed Nessos
 12599 | D:14     | Received a gift from Okawaru
 12866 | D:14     | Got Sif Muna's Essays on Fog
 12967 | D:13     | Reached skill level 8 in Invocations
 13323 | D:13     | Found a gate to the Vaults.
 13592 | D:15     | Entered Level 15 of the Dungeon
 13597 | D:15     | Received a gift from Okawaru
 13598 | D:15     | Reached skill level 8 in Armour
 13658 | D:15     | Reached skill level 8 in Fighting
 13658 | D:15     | Reached skill level 8 in Dodging
 13700 | D:15     | Identified the +3 shortbow "Baol" {freeze, rElec}
 13920 | D:15     | Reached skill level 9 in Invocations
 13983 | D:15     | Found a transporter.
 14054 | D:15     | Found a transporter.
 14079 | D:15     | Found a transporter.
 14120 | D:15     | Found a transporter.
 14342 | D:15     | Found a staircase to the Depths.
 14362 | D:15     | Found a hazy altar of Hepliaklqana.
 14552 | D:15     | Received a gift from Okawaru
 14561 | D:15     | Reached XP level 14. HP: 120/137 MP: 19/19
 14891 | Depths:1 | Entered Level 1 of the Depths
 14960 | Depths:1 | Noticed a frost giant
 14974 | D:15     | HP: 4/137 [deep troll (13)]
 15161 | Depths:1 | Reached skill level 9 in Fighting
 15161 | Depths:1 | Reached skill level 9 in Armour
 15161 | Depths:1 | Reached skill level 9 in Dodging
 15168 | D:15     | Killed a frost giant
 15168 | D:15     | Received a gift from Okawaru
 15232 | Depths:1 | Noticed a stone giant
 15247 | Depths:1 | Killed a stone giant
 15467 | D:15     | Reached skill level 10 in Invocations
 15467 | D:15     | Identified the +1 kite shield of Ossan {rC+} (Okawaru
                  | gifted it to you on level 15 of the Dungeon)
 15467 | D:15     | Received a gift from Okawaru
 15656 | Depths:1 | Reached skill level 1 in Shields
 15694 | Depths:1 | Reached skill level 2 in Shields
 15698 | Depths:1 | Noticed a stone giant
 15806 | D:15     | Killed a stone giant
 15835 | Depths:1 | Noticed a lich
 15850 | Depths:1 | Killed a lich
 15899 | Depths:1 | Noticed a white very ugly thing
 15899 | Depths:1 | Noticed a white very ugly thing
 15899 | Depths:1 | Noticed a white very ugly thing
 15916 | D:15     | Killed a white very ugly thing
 15945 | D:15     | Reached skill level 3 in Shields
 16029 | D:15     | Killed a brown very ugly thing
 16033 | D:15     | Killed a purple very ugly thing
 16060 | Depths:1 | Reached skill level 10 in Fighting
 16060 | Depths:1 | Reached skill level 10 in Armour
 16060 | Depths:1 | Reached skill level 10 in Dodging
 16105 | Depths:1 | Found a gateway to Hell.
 16128 | Depths:1 | Noticed a frost giant
 16129 | Depths:1 | Noticed a stone giant
 16131 | Depths:1 | Reached XP level 15. HP: 135/149 MP: 21/21
 16146 | Depths:1 | Reached skill level 4 in Shields
 16150 | Depths:1 | Killed a frost giant
 16150 | Depths:1 | Received a gift from Okawaru
 16164 | Depths:1 | Reached skill level 5 in Shields
 16210 | Depths:1 | Found a one-way gateway to a ziggurat.
 16493 | Depths:1 | Reached skill level 6 in Shields
 16497 | Depths:1 | Identified +0 fire dragon scales
 17023 | Depths:2 | Identified +0 ice dragon scales
 17095 | Depths:2 | Reached skill level 7 in Shields
 17104 | Depths:1 | Identified +0 fire dragon scales
 17216 | Depths:2 | Found a one-way gate leading to the halls of Pandemonium.
 17218 | Depths:2 | Found a white marble altar of Elyvilon.
 17280 | Depths:2 | Received a gift from Okawaru
 17281 | Depths:2 | Reached skill level 8 in Shields
 17397 | Depths:2 | Identified the +1 robe "Cyrchyhow" {Regen+} (Okawaru gifted
                  | it to you on level 2 of the Depths)
 17397 | Depths:2 | Received a gift from Okawaru
 17431 | Depths:2 | Noticed a frost giant
 17479 | Depths:2 | Identified a scroll of acquirement
 17480 | Depths:2 | Acquired 959 gold pieces
 17492 | Depths:2 | Killed a frost giant
 17593 | Depths:2 | Reached skill level 9 in Shields
 17699 | Depths:2 | Reached skill level 10 in Shields
 17716 | Depths:2 | Found a magical portal.
 17719 | Abyss:2  | Cast into level 2 of the Abyss (a wizard)
 17768 | Abyss:2  | Noticed an Executioner
 17784 | Abyss:2  | Killed an Executioner
 18029 | Abyss:2  | HP: 12/149 [naga mage/bolt of poison (21)]
 18030 | Abyss:2  | HP: 5/149 [poisoned by a naga mage (bolt of poison)]
 18155 | Abyss:2  | Noticed a revenant
 18169 | Abyss:2  | Killed a revenant
 18172 | Depths:2 | Escaped the Abyss
 18177 | Depths:2 | Reached skill level 16 in Unarmed Combat
 18295 | Depths:2 | Paralysed by a vampire knight for 4 turns
 18316 | Depths:2 | Reached XP level 16. HP: 71/158 MP: 20/22
 18442 | Depths:2 | HP: 11/158 [death yak[a spriggan berserker] (8)]
 18443 | Depths:2 | HP: 3/158 [death yak[a spriggan berserker] (9)]
 18443 | Depths:2 | Mangled by a spriggan berserker

Vanquished Creatures
  A lich (Depths:1)
  An Executioner (Abyss:2)
  A revenant (Abyss:2)
  3 frost giants
  9 very ugly things
  5 stone giants
  Nessos (D:14)
  A vampire knight (Depths:2)
  A minotaur (Gauntlet)
  5 spark wasps
  5 fire dragons
  4 ettins
  3 hydras
  5 ice dragons
  An ogre mage (D:13)
  A spriggan air mage (Depths:2)
  A rakshasa (Depths:2)
  5 vault guards (D:13)
  5 centaur warriors
  3 two-headed ogres
  A boulder beetle (D:14)
  A vampire mage (Depths:2)
  7 tengu warriors
  6 deep troll earth magi
  2 deep troll shamans
  5 hell knights (Depths:1)
  A deep elf knight (D:15)
  A spriggan berserker (Depths:2)
  5 iron trolls
  A sixfirhy (Abyss:2)
  Lodul (D:11)
  13 deep trolls
  A flayed ghost (Abyss:2)
  The ghost of zurenarrh the Skirmisher, a novice BaHu of Fedhas (D:7)
  A phantasmal warrior (Depths:2)
  3 glowing orange brains
  A deep elf archer (D:15)
  3 wizards
  2 starcursed masses (Abyss:2)
  A salamander (shapeshifter) (D:15)
  4 deep elf zephyrmancers (D:15)
  18 ugly things
  A necromancer (D:15)
  4 cyclopes
  2 orc sorcerers
  2 manticores
  An apocalypse crab (Abyss:2)
  A guardian serpent (Abyss:2)
  A naga mage (Abyss:2)
  A centaur skeleton (D:15)
  4 gargoyles
  An unseen horror (D:11)
  Maggie (D:7)
  A torpor snail (Gauntlet)
  A yaktaur (D:13)
  An efreet (D:14)
  2 komodo dragons
  2 tormentors (Abyss:2)
  A minotaur zombie (Gauntlet)
  A kobold demonologist (D:11)
  A yaktaur (shapeshifter) (D:14)
  2 tengu conjurers
  3 trolls
  A blink frog (shapeshifter) (Abyss:2)
  3 hornets (Gauntlet)
  6 slime creatures
  2 centaur simulacra (D:15)
  2 shadows
  A vampire (D:13)
  3 wyverns
  4 wraiths
  Eustachio (D:4)
  A human (D:13)
  2 fire bats (Abyss:2)
  21 yaks
  5 large abominations (Abyss:2)
  2 chaos spawn (Abyss:2)
  4 vampire mosquitoes (D:12)
  A steam dragon (D:8)
  2 nagas (Abyss:2)
  2 swamp worms (Gauntlet)
  Edmund (D:4)
  An acid dragon (D:9)
  Duvessa (D:4)
  2 water moccasins
  3 sky beasts (D:7)
  5 orc warriors
  4 black bears
  An ice beast (D:8)
  8 ogres
  8 centaurs
  17 kobold brigands (D:11)
  A gnoll sergeant (D:10)
  4 small abominations
  8 bullfrogs
  2 wyvern zombies (D:8)
  6 scorpions
  6 wights (D:8)
  Dowan (D:4)
  9 killer bees
  An electric eel (D:8)
  3 howler monkeys
  A jelly (D:5)
  A quasit (Abyss:2)
  4 hounds
  4 centaur zombies
  3 gnoll boudas
  5 orc priests
  5 iguanas
  8 orc wizards
  2 killer bee zombies (D:8)
  2 mummies (Ossuary)
  2 howler monkey zombies (D:8)
  8 gnolls
  9 adders
  A white imp (D:8)
  3 ufetubi
  2 worms
  2 dart slugs (D:2)
  19 orcs
  16 endoplasms
  A giant cockroach (D:2)
  5 goblins
  8 hobgoblins
  11 jackals
  3 quokkas
  8 ball pythons
  3 bats (D:3)
  3 frilled lizards
  4 gnoll zombies (Ossuary)
  A goblin zombie (Ossuary)
  5 hobgoblin zombies (Ossuary)
  6 kobolds
  4 orc zombies (Ossuary)
  7 rats
495 creatures vanquished.

Vanquished Creatures (others)
  A deep elf knight (D:15)
  An orc wizard (D:12)
  15 fungi
  A lurking horror (Abyss:2)
  8 plants
  3 withered plants (D:8)
29 creatures vanquished.

Grand Total: 524 creatures vanquished
